 Dungeon Crawl Stone Soup version 0.30-a0-172-gc5509c9e31 (webtiles) character file.

Game seed: 17126630162254618468

274 qw the Chopper (level 6, -1/38 HPs)
             Began as a Gargoyle Fighter on Oct 1, 2022.
             Killed from afar by an orc wizard (4 damage)
             ... with a magic dart
             ... on level 4 of the Dungeon.
             The game lasted 00:01:07 (2667 turns).

qw the Chopper (Gargoyle Fighter)                   Turns: 2667, Time: 00:01:07

Health: -1/38      AC: 14    Str: 22    XL:     6   Next: 24%
Magic:  6/6        EV:  9    Int:  8    God:
Gold:   138        SH:  4    Dex:  9    Spells: 5/5 levels left

rFire   . . .      SeeInvis .    Y - +0 war axe
rCold   . . .      Faith    .    c - +0 buckler
rNeg    + . .      Spirit   .    b - +0 scale mail
rPois   inf        Reflect  .    k - +2 helmet
rElec   +          Harm     .    (no cloak)
rCorr   .          Rampage  .    (no gloves)
Will    .....                    (no boots)
Stlth   ..........               (no amulet)
HPRegen 0.26/turn                (no ring)
MPRegen 0.10/turn                (no ring)

@: no status effects
A: sickness immunity, AC +4, negative energy resistance 1, electricity
resistance, torment resistance 1, petrification resistance
a: no special abilities


You were on level 4 of the Dungeon.
You visited 1 branch of the dungeon, and saw 4 of its levels.

You collected 138 gold pieces.


Innate Abilities, Weirdness & Mutations

You are immune to sickness and miasma.
Your stone body is resilient. (AC +4)
You are immune to poison.
You resist negative energy. (rN+)
You are resistant to electric shocks. (rElec)
You are resistant to unholy torment.
You are immune to petrification.


   Skills:
 - Level 4.3 Fighting
 + Level 5.0 Axes
 - Level 3.2 Armour
 - Level 1.1 Dodging
 - Level 3.2 Shields


You had 5 spell levels left.
You didn't know any spells.
Your spell library was empty.

Inventory:

Hand Weapons
 g - a +0 whip
 Y - a +0 war axe (weapon)
Armour
 a - the +2 kite shield "Pimoaw" {Harm rElec rPois rF-}
   (You found it on level 2 of the Dungeon)

   rF:        It makes you vulnerable to fire.
   rElec:     It insulates you from electricity.
   rPois:     It protects you from poison.
   Harm:      It increases damage dealt and taken.
 b - a +0 scale mail (worn)
 c - a +0 buckler (worn)
 k - a +2 helmet (worn)
Scrolls
 i - 3 scrolls of teleportation
 m - a scroll of identify
Potions
 d - a potion of might
 f - a potion of resistance
 l - a potion of brilliance {unknown}
 n - a potion of curing {unknown}

Dungeon Overview and Level Annotations

Branches:
Dungeon (4/15)
 Temple: D:4-7

Altars:

Shops:
D:3 (

Annotations:
D:2 1 runed translucent door, Crazy Yiuf


Message History

You kill the worm!
You miss something.
Something hits you but does no damage. x2
You closely miss something. Something hits you.
You barely miss something.
You hear some strange, mumbled words.
Something tries to affect you, but you resist.
You closely miss something.
Something hits you but does no damage. x2
You hit something but do no damage.
You hear some strange, mumbled words.
A puff of flame appears from out of thin air!
The puff of flame hits you!
You closely miss something. Something hits you but does no damage.
You closely miss something.
You hear some strange, mumbled words.
Something tries to affect you, but you resist.
Something completely misses you.
You miss something. Something hits you but does no damage.
You miss something. Something hits you.
You closely miss something.
You hear some strange, mumbled words.
A puff of flame appears from out of thin air!
The puff of flame hits you but does no damage.
You closely miss something. Something hits you but does no damage.
You block something's attack.
You closely miss something. Something hits you.
You closely miss something. Something hits you but does no damage.
You closely miss something. Something hits you but does no damage.
You hear some strange, mumbled words.
A magic dart appears from out of thin air!
The magic dart hits you.
You die...

#.###....#
..........#
##+####...#
.....###..#
....####..#
...###.#.)#
..###.)#?.#
.###..)@..#
###...{#..#
.#.....#..#
.#....##..#
.'...###..#
.#..####..#
.#(###r#.?#
#####.o#..#
###...+[.#


You could see an orc and a quokka.

Vanquished Creatures
  A gnoll sergeant (D:3)
  A jelly (D:3)
  Terence (D:2)
  Natasha (thrice) (D:2)
  Robin (D:2)
  An adder (D:2)
  3 worms
  A dart slug (D:4)
  2 orcs (D:4)
  7 ball pythons
  3 endoplasms
  3 giant cockroaches
  13 goblins
  2 hobgoblins
  A quokka (D:3)
  5 bats
  3 frilled lizards (D:2)
  4 kobolds
  3 rats
58 creatures vanquished.

Vanquished Creatures (others)
  2 fungi (D:2)
2 creatures vanquished.

Grand Total: 60 creatures vanquished

Notes
Turn   | Place    | Note
-------+----------+-------------------------------------------
     0 | D:1      | qw the Gargoyle Fighter began the quest for the Orb.
     0 | D:1      | Reached XP level 1. HP: 14/14 MP: 1/1
     0 | D:1      | 0 ||| qw: Version: 0.2-a-13-gfc7b4b4
     0 | D:1      | 0 ||| qw: Game counter: 1760
     0 | D:1      | 0 ||| qw: Always use a shield: true
     0 | D:1      | 0 ||| qw: God list: Okawaru
     0 | D:1      | 0 ||| qw: Allow faded altars: false
     0 | D:1      | 0 ||| qw: Do Orc after D:15 true
     0 | D:1      | 0 ||| qw: Do second Lair branch before Depths: true
     0 | D:1      | 0 ||| qw: Lair rune preference: random
     0 | D:1      | 0 ||| qw: Plans: Normal, Zot:1-4, God:TSO, Crypt, Tomb,
                  | Pan, Slime:5, Hells, Abyss, Orb
     0 | D:1      | 0 ||| PLANNING D:1-11
    58 | D:1      | 58 ||| Stepping ~*~*~tactically~*~*~ (stealth).
    64 | D:1      | Reached skill level 2 in Axes
   129 | D:1      | Reached XP level 2. HP: 19/19 MP: 2/2
   642 | D:1      | 642 ||| READING 3 scrolls labelled HONEFOUZEL.
   643 | D:1      | 643 ||| READING scroll labelled UDI EHUONASUU.
   644 | D:1      | 644 ||| READING 3 scrolls labelled CEER VOALAKE.
   649 | D:1      | 649 ||| READING scroll labelled JAUWOC BOIRIAKK.
   650 | D:1      | 650 ||| DROPPING 2 scrolls of magic mapping.
   671 | D:2      | Found a faded altar of an unknown god.
   707 | D:2      | Noticed Natasha
   712 | D:2      | Killed Natasha
   713 | D:2      | Reached skill level 3 in Axes
   713 | D:2      | Reached XP level 3. HP: 18/23 MP: 3/3
   713 | D:2      | 713 ||| FLEEEEING.
   714 | D:2      | 714 ||| FLEEEEING.
   715 | D:2      | 715 ||| FLEEEEING.
   716 | D:2      | 716 ||| FLEEEEING.
   723 | D:2      | 723 ||| STAIRDANCE
   757 | D:2      | 757 ||| Stepping ~*~*~tactically~*~*~ (stealth).
   789 | D:2      | Identified the +2 kite shield "Pimoaw" {Harm rElec rPois
                  | rF-}
   881 | D:2      | Noticed Natasha
   882 | D:2      | 882 ||| Stepping ~*~*~tactically~*~*~ (stealth).
   888 | D:2      | Killed Natasha
   889 | D:2      | Reached skill level 4 in Axes
   889 | D:2      | Reached XP level 4. HP: 26/28 MP: 4/4
  1018 | D:2      | Noticed Natasha
  1023 | D:2      | Noticed Terence
  1024 | D:2      | 1024 ||| Stepping ~*~*~tactically~*~*~ (hiding).
  1028 | D:2      | Killed Natasha
  1035 | D:2      | Killed Terence
  1036 | D:2      | Reached XP level 5. HP: 30/32 MP: 5/5
  1293 | D:2      | Noticed Robin
  1294 | D:2      | 1294 ||| Stepping ~*~*~tactically~*~*~ (hiding).
  1305 | D:2      | Killed Robin
  1306 | D:2      | Reached skill level 5 in Axes
  1452 | D:2      | Found a runed translucent door.
  1453 | D:2      | Noticed Crazy Yiuf
  1456 | D:2      | 1456 ||| UPGRADING to +2 helmet.
  1461 | D:2      | 1461 ||| READING 3 scrolls labelled PYQO TIMAGIATZ.
  1462 | D:2      | 1462 ||| DROPPING 2 scrolls of fog.
  1736 | D:3      | Found a faded altar of an unknown god.
  1736 | D:3      | Found the Hermit's Pendant {Faith Invo=14 Evo=0 MP+5}
  1979 | D:3      | Reached XP level 6. HP: 35/38 MP: 6/6
  2041 | D:3      | Reached skill level 1 in Dodging
  2373 | D:3      | Found Tasch's Antique Weapon Shoppe.
  2403 | D:3      | 2403 ||| READING scroll labelled ENERATW RURA.
  2404 | D:3      | 2404 ||| READING scroll labelled KUEXUA LECEISO.
  2405 | D:3      | 2405 ||| READING 4 scrolls of identify.
  2405 | D:3      | 2405 ||| IDENTIFYING grey potion
  2406 | D:3      | 2406 ||| READING 3 scrolls of identify.
  2406 | D:3      | 2406 ||| IDENTIFYING orange potion
  2407 | D:3      | 2407 ||| READING 2 scrolls of identify.
  2407 | D:3      | 2407 ||| IDENTIFYING amethyst potion
  2408 | D:3      | 2408 ||| DROPPING potion of flight.
  2409 | D:3      | 2409 ||| DROPPING potion of berserk rage.
  2443 | D:4      | 2443 ||| Stepping ~*~*~tactically~*~*~ (stealth).
  2448 | D:4      | 2448 ||| Stepping ~*~*~tactically~*~*~ (hiding).
  2503 | D:4      | HP: 5/38 [iguana (6)]
  2504 | D:4      | 2504 ||| READING 4 scrolls of teleportation.
  2658 | D:4      | HP: 5/38 [something/puff of flame (8)]
  2665 | D:4      | HP: 2/38 [something (4)]
  2667 | D:4      | Killed from afar by an orc wizard

Levels and vault maps discovered:
D:1:      wander_arrival_peaceful_grave, layout_basic,
          dreamdust_mushroom_princess
D:2:      layout_loops_cross, nicolae_ecumenical_pavilion, amethyst_killhole,
          uniq_robin, uniq_crazy_yiuf_cottage, uniq_natasha, uniq_terence
D:3:      layout_basic, serial_shops, shop, hellmonk_guarded_unrand_hermit
D:4:      layout_loops_ring, minmay_temple_entry_glassed_door, serial_shops,
          nicolae_shop_statue_plus, nicolae_eternal_life, minmay_quadrilaterals

Skill      XL: |  1  2  3  4  5  6 |
---------------+-------------------+-----
Axes           | 2 3 4 5 |  5.0
Fighting       | 4 |  4.3
Dodging        | 1 |  1.1
Armour         | |  3.2
Shields        | |  3.2

Action                   |  1- 3 |  4- 6 || total
-------------------------+-------+-------++-------
Melee: War axe           |    51 |   158 ||   209
  Use: Scroll            |     4 |     7 ||    11
Armor: Scale mail        |    29 |    91 ||   120
Dodge: Dodged            |    24 |    54 ||    78
Block: Buckler           |     7 |    26 ||    33

Table legend:
 A = Non-vault XP
 B = Vault XP
 C = Vault XP percentage of total XP
 D = Non-vault monster count
 E = Vault monster count
 F = Vault count percentage of total count
                 A         B        C        D         E       F
            +---------+---------+-------+---------+---------+-------
      Total |     203 |     189 |  48.2 |      44 |      14 |  24.1
            +---------+---------+-------+---------+---------+-------
        D:1 |      20 |       0 |   0.0 |      12 |       0 |   0.0
        D:2 |     107 |     100 |  48.3 |      18 |      10 |  35.7
        D:3 |      59 |      84 |  58.7 |       9 |       1 |  10.0
        D:4 |      17 |       5 |  22.7 |       5 |       3 |  37.5
            +---------+---------+-------+---------+---------+-------
